 Dungeon Crawl Stone Soup version 0.24.0-123-gd5b16e6ec5 (webtiles) character file.

Game seed: 12870965132201026935, levelgen mode: deterministic

81 Peloso the Skirmisher (level 4, 0/41 HPs)
             Began as a Minotaur Fighter on Feb 10, 2020.
             Succumbed to a kobold's poison
             ... on level 3 of the Dungeon.
             The game lasted 00:03:35 (1516 turns).

Peloso the Skirmisher (Minotaur Fighter)            Turns: 1516, Time: 00:03:35

Health: 0/41       AC:  9    Str: 20    XL:     4   Next: 19%
Magic:  3/3        EV: 10    Int:  5    God:
Gold:   110        SH: 10    Dex: 16    Spells: 3/3 levels left

rFire    . . .     SeeInvis .   a - +0 long sword
rCold    . . .     Gourm    .   c - +0 shield
rNeg     . . .     Faith    .   m - +0 chain mail
rPois    .         Spirit   .   (helmet restricted)
rElec    .         Reflect  .   (no cloak)
rCorr    .         Harm     .   (no gloves)
MR       .....                  (no boots)
Stlth    ..........             (no amulet)
HPRegen  0.13/turn              (no ring)
MPRegen  0.08/turn              (no ring)

@: agile, lethally poisoned (0 -> -6)
A: retaliatory headbutt, horns 2
a: no special abilities


You were on level 3 of the Dungeon.
You were very hungry.

You visited 1 branch of the dungeon, and saw 3 of its levels.

You collected 110 gold pieces.

Inventory:

Hand Weapons
 a - a +0 long sword (weapon)
Armour
 b - a +0 scale mail
 c - a +0 shield (worn)
 m - a +0 chain mail (worn)
Scrolls
 e - 2 scrolls of teleportation {unknown}
 g - 3 scrolls of identify {unknown}
 h - 2 scrolls of enchant weapon {unknown}
 i - a scroll of fear {unknown}
 l - a scroll of enchant armour {unknown}
 o - a scroll of magic mapping {unknown}
 q - 3 scrolls of remove curse {unknown}
Potions
 d - a potion of might
 k - a potion of flight
 p - a potion of agility
Comestibles
 f - 5 rations


   Skills:
 + Level 4.5 Fighting
 + Level 3.6 Long Blades
 + Level 4.1 Armour
 + Level 0.4 Dodging
 + Level 4.2 Shields


You had 3 spell levels left.
You didn't know any spells.
Your spell library was empty.

Dungeon Overview and Level Annotations

Branches:
Dungeon (3/15)

Altars:
Ru


Innate Abilities, Weirdness & Mutations

You reflexively headbutt those who attack you in melee.
You have a pair of horns on your head.


Message History

You feel magically purged.
You feel a little less clever now.
* * * LOW HITPOINT WARNING * * *
You feel sick.
It was a potion of agility.
You feel agile all of a sudden.
* * * LOW HITPOINT WARNING * * *
You feel sick.
* * * LOW HITPOINT WARNING * * *
You feel sick.
You see here a +0 short sword.
* * * LOW HITPOINT WARNING * * *
You feel sick.
* * * LOW HITPOINT WARNING * * *
You feel sick.
You see here a poisoned dart.
* * * LOW HITPOINT WARNING * * *
You feel sick.
You see here a poisoned dart.
You die...

#..# #.# #.#.# #
##..####.####.#.#
###.##......... .....###
.......)....... ......
....##...##.#.# #...# .
... #...##.#.# #...# #. .
#.(.##.#.####...###.
....##.(.##............#.
#....(@(..........>#.#.
#..#...(.........#.....
.....................#.#.
......#..##...#..........
......#..##...#.##...#)#(
.........................
......#..##...#..........
......+.......#.......(#.
..........#.


There were no monsters in sight!

Vanquished Creatures
  2 adders (D:2)
  A worm (D:2)
  4 dart slugs
  A giant cockroach (D:1)
  6 goblins
  6 hobgoblins
  4 jackals (D:1)
  A quokka (D:2)
  7 bats
  3 frilled lizards
  9 kobolds
  6 rats
50 creatures vanquished.

Notes
Turn   | Place    | Note
-------+----------+-------------------------------------------
     0 | D:1      | Peloso the Minotaur Fighter began the quest for the Orb.
     0 | D:1      | Reached XP level 1. HP: 19/19 MP: 0/0
   126 | D:1      | Reached XP level 2. HP: 21/27 MP: 1/1
   541 | D:1      | Reached XP level 3. HP: 30/34 MP: 2/2
   818 | D:2      | Found a sacrificial altar of Ru.
  1271 | D:2      | Reached XP level 4. HP: 41/41 MP: 3/3
  1513 | D:3      | HP: 2/41 [poisoned by a kobold]
  1516 | D:3      | Succumbed to a kobold's poison

Levels and vault maps discovered:
D:1:      dpeg_arrival_subterranean_lakeside_camping, layout_loops_ring
D:2:      layout_loops_cross, nicolae_ru_awakened_eye
D:3:      layout_basic, marbit_many_paths

Skill      XL: |  1  2  3 |
---------------+----------+-----
Fighting       | 4 |  4.5
Armour         | 4 |  4.1
Shields        | 4 |  4.2
Long Blades    | 3 |  3.6
Dodging        | |  0.4

Action                   |  1- 3 |  4- 6 || total
-------------------------+-------+-------++-------
Melee: Long sword        |    89 |    11 ||   100
       Headbutt          |     8 |     1 ||     9
  Use: Potion            |     3 |     3 ||     6
  Eat: Chunk             |     1 |       ||     1
Armor: Scale mail        |    31 |       ||    31
       Chain mail        |     5 |     4 ||     9
Dodge: Dodged            |    17 |     7 ||    24
Block: Shield            |    46 |    12 ||    58
       Rpst.: Long sword |     6 |     2 ||     8
